← All builds
Suicide front / Armada / Factory first / OBSERVED BUILD

Standard suicide front

Armada Suicide front build order · Supreme Isthmus

The role's baseline: Bot Lab at 0:21 then straight into reclaim-fed T1 bot production to contest the middle and hold until T2 arrives, with an Advanced Metal Extractor around 9:45.

#rush · 2020 distinct matches · 232 players · 71% of Armada Suicide front games · team won 59% of 2395 · Recently observed

HOW TO PLAY IT

Key timing: Bot Lab by 0:20

  1. Open with mex and lab-first to get Bot Lab up by 0:20.
  2. Expand mex and wind while lab pumps units toward middle.
  3. Push Sentry and early Rocketeer, Centurion to contest middle.
  4. Get T2 constructor out once Pond's boost lets you spare metal.
  5. Upgrade mex to Advanced Metal Extractor as you transition off T1 spam.

Phase by phase

TYPICAL OF ITS 2020 GAMES
  1. 1
  2. 2
  3. 3
PLAY THE OPENING

Follow the example game's first 6:00 step by step: what to build now, what comes next, and where it goes. At 1× it keeps pace with your own game.

  1. 1

    Bot Lab first

    Order
    1. Bot LabBot Lab done ~0:21, middle half 0:20–0:33

    Some games also: mex (44%)

  2. 2

    Bot Lab to 5:00

    Economy
    • Metal Extractor5Mex
    • Wind Turbine4Wind
    Builders
    • Construction Bot3 Con bot
    • Lazarus2 Lazarus
    Army
    • Sentry4 Sentry
    • Rocketeer16 Rocketeer
    • Tick2 Tick
    • Centurion1 Centurion
    Other
    • Radar Tower1 Radar Tower

    Some games also: pawn (37%) · con turret (34%)

    By 5:00 in all: 5 mex · 4 wind

    The example game in this phase · 47 steps
    1. TickTick
    2. Mex
    3. TickTick
    4. Wind
    5. Construction BotCon bot
    6. Wind
    7. SentrySentry
    8. PawnPawn ×2
    9. Mex
    10. PawnPawn
    11. LazarusLazarus
    12. BeamerBeamer
    13. Construction BotCon bot
    14. BeamerBeamer
    15. Mex
    16. SentrySentry
    17. LazarusLazarus
    18. PawnPawn
    19. Mex
    20. Construction BotCon bot
    21. SentrySentry
    22. Construction BotCon bot
    23. Mex
    24. PawnPawn
    25. BeamerBeamer
    26. PawnPawn
    27. Mex
    28. PawnPawn
    29. Wind
    30. BeamerBeamer
    31. PawnPawn
    32. Wind
    33. PawnPawn
    34. BeamerBeamer
    35. Wind
    36. PawnPawn
    37. Wind
    38. OverwatchOverwatch
    39. Mex
    40. PawnPawn
    41. Wind ×2
    42. LazarusLazarus
    43. PawnPawn
    44. Wind
    45. PawnPawn
    46. Wind
    47. GauntletGauntletdone 6:17
  3. 3

    5:00 to 10:00

    Economy
    • Metal Extractor1Mex
    • Wind Turbine15Wind
    Builders
    • Construction Turret2 Con turret
    • Lazarus2 Lazarus
    • Construction Bot1 Con bot
    Army
    • Sentry1 Sentry
    • Rocketeer8 Rocketeer

    Some games also: pawn (49%) · Radar Tower (46%) · tick (45%) · centurion (44%) · energy storage (43%) · eat Bot Lab (31%)

    By 10:00 in all: 6 mex · 21 wind · 1 energy storage · 2 con turret

    The example game in this phase · 92 steps
    1. Wind
    2. PawnPawn
    3. Radar TowerRadar Tower
    4. Con turret
    5. PawnPawn
    6. Energy storage
    7. Sneaky PeteSneaky Pete
    8. Wind ×7
    9. Advanced Metal ExtractorT2 mexdone 8:12 · typical 9:46
    10. Wind ×9
    11. Con turret
    12. Advanced Metal ExtractorT2 mex
    13. Construction BotCon bot
    14. Con turret
    15. Construction BotCon bot
    16. Con turret
    17. Construction BotCon bot
    18. Advanced Metal ExtractorT2 mex
    19. BeamerBeamer ×2
    20. Advanced Metal ExtractorT2 mex ×2
    21. Construction BotCon bot
    22. Wind ×5
    23. Fortification WallFortification Wall
    24. Wind
    25. Fortification WallFortification Wall ×3
    26. Con turret
    27. BeamerBeamer
    28. Fortification WallFortification Wall
    29. Wind
    30. Fortification WallFortification Wall ×2
    31. Wind
    32. Fortification WallFortification Wall
    33. Con turret
    34. Wind
    35. Construction BotCon bot
    36. Fortification WallFortification Wall
    37. Wind
    38. Fortification WallFortification Wall
    39. Wind
    40. Fortification WallFortification Wall
    41. Construction BotCon bot
    42. ShipyardShipyarddone 12:04
    43. Fortification WallFortification Wall
    44. Wind ×2
    45. Fortification WallFortification Wall
    46. Wind
    47. Fortification WallFortification Wall
    48. Construction BotCon bot
    49. Fortification WallFortification Wall
    50. Wind ×2
    51. Fortification WallFortification Wall
    52. EelSubmarinenot finished by 15:00
    53. Fortification WallFortification Wall
    54. CorsairDestroyerdone 12:32
    55. Wind
    56. Construction BotCon bot
    57. Fortification WallFortification Wall
    58. Wind
    59. Fortification WallFortification Wall
    60. Wind ×2
    61. Fortification WallFortification Wall
    62. BeamerBeamer
    63. Fortification WallFortification Wall
    64. Construction BotCon bot
    65. Fortification WallFortification Wall
    66. Wind
    67. Fortification WallFortification Wall
    68. CorsairDestroyer
    69. Wind
    70. Fortification WallFortification Wall ×3
    71. Wind
    72. BeamerBeamer
    73. Wind
    74. Fortification WallFortification Wall
    75. Wind
    76. Fortification WallFortification Wall
    77. JunoJuno
    78. Wind ×2
    79. Fortification WallFortification Wall
    80. Wind
    81. Fortification WallFortification Wall
    82. Wind
    83. PulsarPulsarnot finished by 15:00
    84. Wind ×4
    85. CorsairDestroyerfor Geo sea
    86. Wind ×8
    87. BeamerBeamer
    88. Wind ×5
    89. CorsairDestroyerfor Geo sea
    90. Wind ×4
    91. PulsarPulsar
    92. Wind ×10

Counts are medians over the build's games: half of them build more, half fewer. The example game is XXMACGAMERXX's (41 OS, 13/10/2026); pick another.

Team trades

IN AT LEAST 30% OF ITS GAMES

You hand over

Nothing regular.

You get

  • Tidal Generator4 Tidal from Pondfirst at 0:11 · in 68% of games
  • Advanced Construction Bot1 T2 con bot from Geo or Techfirst at 7:41 · in 57% of games

How it plays out

Typical game of this build, running totals by minute

Metal produced

010k20k
0:005:0010:0015:00

metal

Enemy metal destroyed

05k10k
0:005:0010:0015:00

metal

Own metal lost

05k10k
0:005:0010:0015:00

metal

2395 games.

Show as table
ByMetal produced: This buildEnemy metal destroyed: This buildOwn metal lost: This build
1:0023000
2:0088600
3:002007184130
4:003108643501
5:0041841352998
6:00534921831707
7:00654430512590
8:00776039353502
9:00903546904383
10:001041253145163
11:001188958585965
12:001358364066686
13:001540468757453
14:001729875038214
15:001929281099007
WHAT THE NUMBERS SAY

Standard Suicide front play wins a bit over half its games while taking the heaviest own losses of any role by 15:00.

  • + Produces 20142 metal by 15:00, highest of the front roles.
  • + First kill by 2:01 in all games, fastest contest of middle.
  • − Own metal lost hits 9178 by 15:00, more than enemy metal destroyed.
  • − Only 34% Rocketeer share shows army spread thin across many bot types.
THE EXAMPLE YOU ARE READING

XXMACGAMERXX

41.3 OS · 13/10/2026

Open source match ↗

8 received units · includes a constructor
78 metal received · 29775 energy received

Allied construction assistance is unknown. Timings are observations, not a promise of solo reproducibility.

Typical milestones

Bot Lab0:21Middle 50%: 0:20–0:33 · n=2387
Advanced Metal Extractor9:46Middle 50%: 8:50–10:58 · n=1732

Played most by

_X_262games of this buildPlatinumBlonde188games of this buildXad165games of this buildTrapCaT109games of this buildImmort80games of this build